 Dungeon Crawl Stone Soup version 0.29-a0-321-gf1c400731a (webtiles) character file.

Game seed: 9567015215448914786

1002 scriptfinch the Archer (level 8, -3/56 HPs)
             Began as a Human Hunter on Apr 4, 2022.
             Slain by a gnoll
             ... wielding a +0 club
              (5 damage)
             ... on level 5 of the Dungeon.
             The game lasted 00:08:51 (5424 turns).

scriptfinch the Archer (Human Hunter)               Turns: 5424, Time: 00:08:52

Health: -3/56      AC: 11    Str:  9 (11) XL:     8   Next: 43%
Magic:  8/8        EV:  0    Int:  7 (9)  God:
Gold:   342        SH:  0    Dex: 17 (20) Spells: 7/7 levels left

rFire   . . .      SeeInvis .   b - +0 short sword (elec)
rCold   . . .      Faith    .   (no shield)
rNeg    . . .      Spirit   .   f - +0 plate armour
rPois   .          Reflect  .   u - +0 hat
rElec   .          Harm     .   (no cloak)
rCorr   .          Rampage  .   s - +0 pair of gloves
Will    +....                   (no boots)
Stlth   ..........              (no amulet)
HPRegen 0.18/turn               v - ring of willpower
MPRegen 0.11/turn               (no ring)

@: no status effects
A: no striking features
a: no special abilities


You were on level 5 of the Dungeon.
You visited 1 branch of the dungeon, and saw 5 of its levels.

You collected 342 gold pieces.

Inventory:

Hand Weapons
 a - a +1 shortbow
 b - a +0 short sword of electrocution (weapon)
 i - a +0 short sword
Missiles
 q - 20 poisoned darts
Armour
 f - a +0 plate armour (worn)
 h - a +0 leather armour
 s - a +0 pair of gloves (worn)
 u - a +0 hat (worn)
Jewellery
 v - a ring of willpower (left hand)
 B - an amulet of the acrobat
 C - a ring of willpower
Wands
 x - a wand of mindburst (2)
Scrolls
 c - 2 scrolls of immolation
 k - 3 scrolls of teleportation {unknown}
 m - 2 scrolls of enchant armour {unknown}
 o - a scroll of magic mapping {unknown}
 t - a scroll of fog {unknown}
 y - 3 scrolls of identify {unknown}
 A - a scroll of summoning {unknown}
Potions
 d - a potion of haste {unknown}
 e - 2 potions of curing
 g - a potion of invisibility {unknown}
 j - 2 potions of heal wounds {unknown}
 l - 3 potions of attraction {unknown}
 n - a potion of flight {unknown}
 p - a potion of magic {unknown}
 r - a potion of ambrosia {unknown}
 w - a potion of degeneration
 z - a potion of cancellation {unknown}


   Skills:
 - Level 2.0 Fighting
 - Level 2.3 Short Blades
 + Level 9.8 Bows
 - Level 2.0 Dodging
 - Level 1.0 Stealth


You had 7 spell levels left.
You didn't know any spells.
Your spell library contained the following spells:

 Spells                   Type           Power      Damage    Failure   Level
 Ignite Poison            Fire/Tmut/Pois 0%         N/A       100%        3
 Mephitic Cloud           Conj/Pois/Air  0%         N/A       100%        3
 Freezing Cloud           Conj/Ice/Air   0%         6-21      100%        5


Dungeon Overview and Level Annotations

Branches:
Dungeon (5/15)
 Temple: D:4-7

Altars:
Yredelemnul

Annotations:
D:4 3 runed translucent doors, MisterAzrael's ghost, amateur OpTm


Message History

You closely miss the gnoll.
The gnoll is almost dead.
The gnoll hits you with a +0 club.
* * * LOW HITPOINT WARNING * * *
You hit the gnoll. Lightning courses through the gnoll!
You kill the gnoll!
You hit the gnoll.
The gnoll is almost dead.
The gnoll hits you with a +0 club.
* * * LOW HITPOINT WARNING * * *
You closely miss the gnoll.
The gnoll is almost dead.
The gnoll hits you but does no damage.
You closely miss the gnoll.
The gnoll is almost dead.
The gnoll completely misses you.
You barely miss the gnoll.
The gnoll is almost dead.
The gnoll hits you but does no damage.
You barely miss the gnoll.
The gnoll is almost dead.
The gnoll hits you but does no damage.
You hit the gnoll. Lightning courses through the gnoll!
You kill the gnoll!
You hit the gnoll but do no damage. Lightning courses through the gnoll!
The gnoll is severely wounded.
The gnoll hits you but does no damage.
You hit the gnoll but do no damage.
The gnoll is severely wounded.
The gnoll hits you with a +0 club.
* * * LOW HITPOINT WARNING * * *
You closely miss the gnoll.
The gnoll is severely wounded.
The gnoll barely misses you.
Okay, then.
It was a potion of degeneration.
There was something very wrong with that liquid.
You feel weakened.
You feel dopey.
You feel clumsy. The gnoll hits you with a +0 club.
You die...

#.##........
#.##..##.#
##
#........#
..
#.##.#####
g# ####.####
g# #....# g#
####.# .#
#.########.#
#..@g).....#
##########.#
.# ##


You could see a gnoll.

Vanquished Creatures
  An ice beast (D:5)
  A black bear (D:5)
  A phantom (D:4)
  A kobold brigand (D:5)
  4 scorpions
  2 jellies
  2 hounds
  An orc priest (D:4)
  A gnoll shaman (D:5)
  Ijyb (D:4)
  An iguana (D:5)
  An orc wizard (D:4)
  Natasha (thrice) (D:2)
  3 gnolls (D:5)
  2 adders (D:4)
  A worm (D:3)
  2 dart slugs
  6 orcs
  6 endoplasms
  A giant cockroach (D:3)
  8 goblins
  9 hobgoblins
  16 kobolds
  4 ball pythons
  3 bats
  2 frilled lizards (D:2)
  4 rats
87 creatures vanquished.

Vanquished Creatures (others)
  11 plants (D:2)
11 creatures vanquished.

Grand Total: 98 creatures vanquished

Notes
Turn   | Place    | Note
-------+----------+-------------------------------------------
     0 | D:1      | scriptfinch the Human Hunter began the quest for the Orb.
     0 | D:1      | Reached XP level 1. HP: 16/16 MP: 1/1
   227 | D:1      | Reached XP level 2. HP: 22/22 MP: 2/2
   730 | D:2      | Noticed Natasha
   733 | D:2      | Noticed a crimson imp
   739 | D:2      | Killed Natasha
   740 | D:2      | Reached skill level 5 in Bows
   740 | D:2      | Reached XP level 3. HP: 16/27 MP: 3/3
   836 | D:2      | Noticed Natasha
   840 | D:2      | Killed Natasha
   841 | D:2      | Reached XP level 4. HP: 31/33 MP: 4/4
  1132 | D:2      | Noticed Natasha
  1136 | D:2      | Killed Natasha
  1189 | D:2      | Reached XP level 5. HP: 38/38 MP: 5/5
  1213 | D:2      | Reached skill level 6 in Bows
  2160 | D:4      | Noticed a phantom
  2387 | D:4      | Killed a phantom
  2388 | D:4      | Reached XP level 6. HP: 34/44 MP: 6/6
  2471 | D:4      | Reached skill level 7 in Bows
  2770 | D:4      | Noticed Ijyb
  2786 | D:4      | Killed Ijyb
  3552 | D:4      | Reached XP level 7. HP: 50/50 MP: 7/7
  3879 | D:4      | Found a runed translucent gate.
  3879 | D:4      | Found a runed translucent gate.
  3879 | D:4      | Found a runed translucent gate.
  3879 | D:4      | Noticed MisterAzrael's ghost (amateur OpTm)
  4104 | D:4      | Found a basalt altar of Yredelemnul.
  4321 | D:5      | Entered Level 5 of the Dungeon
  4373 | D:5      | Reached skill level 8 in Bows
  4626 | D:5      | Reached XP level 8. HP: 19/56 MP: 8/8
  4874 | D:5      | Reached skill level 9 in Bows
  5422 | D:5      | HP: 2/56 [gnoll/+0 club (5)]
  5424 | D:5      | Slain by a gnoll

Illustrated notes

Levels and vault maps discovered:
D:1:      lemuel_arrival_hallway, layout_loops_ring
D:2:      layout_basic, lexackson_kobold_supper, uniq_natasha
D:3:      layout_loops_cross
D:4:      wander_river, layout_loops_ring,
          mainiacjoe_overflow_concentric_impassable,
          gammafunk_ghost_nasty_kobolds, sigmund_army, uniq_ijyb
D:5:      layout_basic, minmay_temple_entry_nine_rooms,
          chequers_decorated_corner, kennysheep_potato

Skill      XL: |  1  2  3  4  5  6  7  8 |
---------------+-------------------------+-----
Bows           | 5 6 7 8 9 |  9.8
Short Blades   | 2 |  2.3
Fighting       | |  2.0
Dodging        | |  2.0
Stealth        | |  1.0

Action                   |  1- 3 |  4- 6 |  7- 9 || total
-------------------------+-------+-------+-------++-------
Melee: Short sword       |     3 |    22 |    90 ||   115
       Punch             |       |     1 |     3 ||     4
 Fire: Shortbow          |    31 |   109 |    54 ||   194
  Use: Potion            |       |       |     3 ||     3
Armor: Plate armour      |    19 |    87 |   125 ||   231
Dodge: Dodged            |     1 |    14 |    13 ||    28

Table legend: (Time is in decaauts)
 A = Elapsed time spent in this place.
 B = Non-inter-level travel time spent in this place.
 C = Inter-level travel time spent in this place.
 D = Time resting spent in this place.
 E = Time spent auto-exploring this place.
 F = Levels seen in this place.
 G = Mean time per level.
                   A        B        C        D        E       F      G
               +--------+--------+--------+--------+--------+-----+--------+
         Total |   5634 |   5507 |    127 |   1835 |   2715 |   5 | 1126.8 |
       Dungeon |   5634 |   5507 |    127 |   1835 |   2715 |   5 | 1126.8 |
               +--------+--------+--------+--------+--------+-----+--------+

Top non-repeatable levels by time:
     D:3: 1487 daAuts
     D:4: 1437 daAuts
     D:5: 1133 daAuts
     D:2: 861 daAuts
     D:1: 714 daAuts
